 Dungeon Crawl Stone Soup version 0.28-a0-630-g0357d9c091 (webtiles) character file.

Game seed: 5634608671031991126

307 Conn the Sneak (level 6, 0/36 HPs)
             Began as an Octopode Fire Elementalist on Oct 9, 2021.
             Was an Initiate of Sif Muna.
             Killed by an exploding black bear (36 damage)
             ... ignited by their inner flame
             ... on level 5 of the Dungeon.
             The game lasted 00:07:50 (4435 turns).

Conn the Sneak (Octopode Fire Elementalist)         Turns: 4435, Time: 00:07:52

Health: 0/36       AC:  1    Str:  7    XL:     6   Next: 40%
Magic:  4/11       EV: 13    Int: 20    God:    Sif Muna [......]
Gold:   153        SH:  0    Dex: 12    Spells: 5/12 levels left

rFire   . . .      SeeInvis .   h - +0 dagger
rCold   . . .      Faith    .   (no shield)
rNeg    . . .      Spirit   .   (helmet restricted)
rPois   .          Reflect  .   (no amulet)
rElec   .          Harm     .   l - ring of willpower
rCorr   .          Rampage  .   (no ring)
Will    +....                   (no ring)
Stlth   +++.......              (no ring)
HPRegen 0.12/turn               (no ring)
MPRegen 0.12/turn               (no ring)
                                (no ring)
                                (no ring)

@: very slightly contaminated
A: almost no armour, amphibious, 8 rings, camouflage 1, gelatinous body 1,
(nimble swimmer 1), tentacles
a: Renounce Religion


You were on level 5 of the Dungeon.
You worshipped Sif Muna.
Sif Muna was noncommittal.
You visited 1 branch of the dungeon, and saw 5 of its levels.

You collected 153 gold pieces.

Inventory:

Hand Weapons
 h - a +0 dagger (weapon)
Missiles
 d - 3 atropa-tipped darts (quivered)
Armour
 p - a +0 buckler
Jewellery
 l - a ring of willpower (left tentacle)
Scrolls
 c - a scroll of teleportation
 i - a scroll of blinking {unknown}
 k - a scroll of identify {unknown}
 o - a scroll of amnesia {unknown}
 s - a scroll of fog {unknown}
Potions
 e - 2 potions of haste {unknown}
 f - 3 potions of curing
 g - a potion of heal wounds
 j - 2 potions of degeneration {unknown}
 n - a potion of mutation {unknown}
 q - a potion of might {unknown}
 r - a potion of resistance {unknown}


   Skills:
 + Level 0.2 Fighting
 + Level 0.9 Short Blades
 + Level 3.0 Dodging
 + Level 4.2 Stealth
 + Level 0.2 Unarmed Combat
 + Level 3.6 Spellcasting
 + Level 2.2 Conjurations
 + Level 4.2 Fire Magic


You had 5 spell levels left.
You knew the following spells:

 Your Spells              Type           Power      Damage    Failure   Level
a - Foxfire               Conj/Fire      64%        2x1d7     3%          1
b - Conjure Flame         Conj/Fire      16%        6-21      11%         3
c - Inner Flame           Hex/Fire       12%        N/A       17%         3

Your spell library contained the following spells:

 Spells                   Type           Power      Damage    Failure   Level
 Scorch                   Fire           40%        2d7       3%          2
 Flame Wave               Conj/Fire      16%        3d5       34%         4
 Cause Fear               Hex            1%         N/A       78%         4
 Discord                  Hex            1%         N/A       100%        8


Dungeon Overview and Level Annotations

Branches:
Dungeon (5/15)
 Temple: D:4-7

Altars:
Ashenzari
Dithmenos
Sif Muna


Innate Abilities, Weirdness & Mutations

You cannot wear most types of armour.
You are amphibious.
You can wear up to eight rings at the same time.
Your skin changes colour to match your surroundings (Stealth+).
Your rubbery body absorbs attacks. (AC +1, EV +1)
((You are camouflaged near water. (Stealth+)))
You have tentacles for arms and can constrict up to eight enemies at once.


Message History

Aiming: Inner Flame (quite dangerous; 17% risk of failure)
Press: ? - help, Shift-Dir - straight line, f/p - black bear
Aim: a black bear (entangled in a net, chance to affect: 64%)
The black bear is filled with an inner flame.
The black bear struggles against the net.
Unknown command.
Casting: Inner Flame (quite dangerous; 17% risk of failure)
Confirm with . or Enter, or press ? or * to list all spells.
You miscast Foxfire.
You are very lightly contaminated with residual magic.
Nothing appears to happen.
The black bear struggles against the net.
The net rips apart, and the black bear comes free!
Unknown command.
Casting: Foxfire (safe; 3% risk of failure)
Confirm with . or Enter, or press ? or * to list all spells.
You conjure some foxfire!
Unknown command.
Casting: Foxfire (safe; 3% risk of failure)
Confirm with . or Enter, or press ? or * to list all spells.
You conjure some foxfire!
The foxfire hits the black bear.
Flame seeps out of the black bear.
The black bear is lightly wounded.
The foxfire hits the black bear.
Flame seeps out of the black bear.
The black bear is lightly wounded.
The black bear is engulfed in blazing flames.
Flame seeps out of the black bear.
Casting: Foxfire (safe; 3% risk of failure)
Confirm with . or Enter, or press ? or * to list all spells.
You conjure some foxfire!
The foxfire hits the black bear.
Flame seeps out of the black bear.
The black bear is heavily wounded.
The foxfire hits the black bear.
Flame seeps out of the black bear.
The black bear is severely wounded.
The black bear is engulfed in blazing flames.
Sif Muna accepts your kill.
The black bear explodes!
The fiery explosion engulfs you!!!
Ouch! That really hurt!
You die...

.# ..# #.# ##.#
#..# ###..#
####§§§.#
..#..§@○§.#
#.(...v§v○$#
####...§..........
..........###....
##........# ..
#.........[
.......###.#.
...###. ..##. ..
#. ..# .#


There were no monsters in sight!

Vanquished Creatures
  A black bear (D:5)
  An orc priest (D:3)
  2 hounds (D:4)
  11 gnolls
  A howler monkey skeleton (D:4)
  2 adders
  2 worms
  A dart slug (D:3)
  6 orcs (D:3)
  7 endoplasms
  5 giant cockroaches
  3 hobgoblins
  3 jackals (D:1)
  3 quokkas
  9 ball pythons
  5 bats
  5 frilled lizards
  2 goblins
  6 kobolds
  6 rats
81 creatures vanquished.

Vanquished Creatures (others)
  221 foxfires
  5 fungi (D:5)
226 creatures vanquished.

Grand Total: 307 creatures vanquished

Notes
Turn   | Place    | Note
-------+----------+-------------------------------------------
     0 | D:1      | Conn the Octopode Fire Elementalist began the quest for the
                  | Orb.
     0 | D:1      | Reached XP level 1. HP: 11/11 MP: 3/3
   222 | D:1      | Reached XP level 2. HP: 17/17 MP: 0/5
   983 | D:2      | Reached XP level 3. HP: 21/21 MP: 1/6
  1200 | D:2      | Found a faded altar of an unknown god.
  1349 | D:2      | Found a broken altar of Ashenzari.
  1857 | D:2      | Reached XP level 4. HP: 27/27 MP: 7/7
  2586 | D:3      | Reached XP level 5. HP: 31/31 MP: 7/9
  3402 | D:4      | Learned a level 3 spell: Conjure Flame
  3406 | D:4      | Learned a level 3 spell: Inner Flame
  3590 | D:4      | Reached XP level 6. HP: 31/36 MP: 3/10
  4154 | D:4      | Found a shadowy altar of Dithmenos.
  4154 | D:4      | Found a shimmering blue altar of Sif Muna.
  4303 | D:4      | Became a worshipper of Sif Muna the Loreminder
  4423 | D:5      | Entered Level 5 of the Dungeon
  4423 | D:5      | Noticed a black bear
  4435 | D:5      | Killed a black bear
  4435 | D:5      | Killed by an exploding black bear... ignited by their inner
                  | flame

Illustrated notes

Levels and vault maps discovered:
D:1:      dpeg_arrival_round_c, layout_basic
D:2:      layout_loops_ring, basic_altar, chequers_ecumenical_altar_island,
          roderic_roman_lattice
D:3:      layout_basic, corexii_item_surrounded_by_moat
D:4:      layout_loops_cross, mainiacjoe_overflow_divided_tiny
D:5:      layout_rooms, ebering_ghost_sewer_f, serial_aquarium,
          aquarium_bridge_square [aquarium_subvault_bridge,
          aquarium_subvault_wall, aquarium_subvault_balcony,
          aquarium_subvault_wall], aquarium_bridge_square
          [aquarium_subvault_bridge, aquarium_subvault_bridge,
          aquarium_subvault_window, aquarium_subvault_balcony],
          aquarium_window_corridor_3, aquarium_window_fake,
          aquarium_window_corner, aquarium_view_2a, aquarium_view_2d

Skill      XL: |  1  2  3  4  5 |
---------------+----------------+-----
Stealth        | 3 4 |  4.2
Conjurations   | 2 |  2.2
Fire Magic     | 4 |  4.2
Dodging        | 3 |  3.0
Spellcasting   | 3 |  3.6
Fighting       | |  0.2
Short Blades   | |  0.9
Unarmed Combat | |  0.2

Action                   |  1- 3 |  4- 6 || total
-------------------------+-------+-------++-------
Melee: Unarmed           |    22 |       ||    22
       Constrict         |    12 |     8 ||    20
       Tentacles         |     6 |     1 ||     7
       Dagger            |    29 |    43 ||    72
Throw: Throwing net      |       |     2 ||     2
 Cast: Foxfire           |    50 |    77 ||   127
       Inner Flame       |       |     1 ||     1
  Use: Scroll            |       |     3 ||     3
       Potion            |       |     1 ||     1
 Stab: Sleeping          |     4 |     4 ||     8
Armor: Skin              |     4 |     1 ||     5
Dodge: Dodged            |    36 |    25 ||    61

Table legend: (Time is in decaauts)
 A = Elapsed time spent in this place.
 B = Non-inter-level travel time spent in this place.
 C = Inter-level travel time spent in this place.
 D = Time resting spent in this place.
 E = Time spent auto-exploring this place.
 F = Levels seen in this place.
 G = Mean time per level.
                   A        B        C        D        E       F      G
               +--------+--------+--------+--------+--------+-----+--------+
         Total |   4432 |   4367 |     65 |    352 |   2980 |   5 |  886.4 |
       Dungeon |   4432 |   4367 |     65 |    352 |   2980 |   5 |  886.4 |
               +--------+--------+--------+--------+--------+-----+--------+

Top non-repeatable levels by time:
     D:4: 1217 daAuts
     D:3: 1153 daAuts
     D:2: 1073 daAuts
     D:1: 976 daAuts
     D:5: 11 daAuts
